AoeStats
← Tanana

Socotra

504062442Analyzed
4v4 RM · 29d ago on Sep 3, 2026· 9m 18s· 8 players
Game mode
Random Map
Map size
148×148
Population
200
Speed
Normal
Resources
Standard
Victory
Conquest
Starting age
Dark Age
Ending age
Imperial Age
RankedLock teamsTeams togetherTeam positionsShared explorationLock speedFull tech treeHidden civsTurbo modeCheats
Victory
Defeat
🇮🇳 Franks · India
1330
+17
🇺🇦 Sicilians · Ukraine
1315
+17
🇸🇪 Maya · Sweden
1310
+17
1291
+18
🇩🇪 Berbers · Germany
1360
-18
🇩🇪 Ethiopians · Germany
1341
-17
🇩🇪 Magyars · Germany
1341
-17
🇩🇪 Muisca · Germany
1336
-17
Maverick
Havsutsikt
0:26 Loom
9:55 Feudal Age
only_mousee
4:41 Loom
Comrades of Kankidiot
Fürst Zono
6:38 Loom
9:50 Feudal Age
Tanana
6:30 Loom
9:25 Feudal Age
I still hate Goths
2:11 Loom
9:01 Feudal Age
I still love Koreans
6:02 Loom
9:42 Feudal Age
Connection lost

Rejoining the realm…

Still unreachable

The connection could not be restored.

Session expired

The server has moved on; the page needs a fresh start.